3L
KINGSTON TOWNSHIP LEGION @ PHILADELPHIA 1776 BC
09/17/2022
 
TOP OF THE 1ST
Kingston Township Legion batting - Pitching for Philadelphia 1776 BC : LHP Randy Hoffman
Pitching: LHP Randy Hoffman
Batting: LHB Forrest McCooke 0-0: Bunted foul
0-1: Ball
1-1: Ball
2-1: Foul Ball, location: 2F
2-2: TRIPLE (Flyball, 7LM)
Batting: RHB Layton Templeman 0-0: Called Strike
0-1: Fly out, F6 (Popup, 5DF)
Batting: RHB Pedro Mendoza 0-0: Ball
1-0: Swinging Strike
1-1: Called Strike
1-2: Ground out 5-3 (Groundball, 5S)
Batting: RHB Akihiko Oike 0-0: Called Strike
0-1: Foul Ball, location: 2F
0-2: Ball
1-2: Foul Ball, location: 2F
1-2: Fly out, F8 (Flyball, 8LXD)
Top of the 1st over - 0 run(s), 1 hit(s), 0 error(s), 1 left on base; Kingston Township 0 - Philadelphia 1776 0
BOTTOM OF THE 1ST
Philadelphia 1776 BC batting - Pitching for Kingston Township Legion : RHP Jon Briddon
Pitching: RHP Jon Briddon
Batting: RHB Jesús Orozco 0-0: Ball
1-0: Bunt missed!
1-1: Ground out 6-3 (Groundball, 6)
Batting: SHB Jesús Cabańe 0-0: Called Strike
0-1: DOUBLE (Flyball, 8RXD)
Batting: RHB Dave Morris 0-0: Ball
1-0: Ball
2-0: Ball
3-0: Ground out 5-3 (Groundball, 56)
Batting: LHB Chris Nelson 0-0: Ball
1-0: Ball
2-0: Called Strike
2-1: Foul Ball, location: 2F
2-2: Fly out, F8 (Flyball, 8RD)
Bottom of the 1st over - 0 run(s), 1 hit(s), 0 error(s), 1 left on base; Kingston Township 0 - Philadelphia 1776 0
TOP OF THE 2ND
Kingston Township Legion batting - Pitching for Philadelphia 1776 BC : LHP Randy Hoffman
Batting: RHB Pete Knight 0-0: Called Strike
0-1: Swinging Strike
0-2: Strikes out swinging
Batting: RHB Jon Erickson 0-0: Ball
1-0: Ball
2-0: Fly out, F9 (Flyball, 9M)
Batting: LHB Wilfrid Savary 0-0: Called Strike
0-1: Ball
1-1: Foul Ball, location: 2F
1-2: Ball
2-2: Ground out 4-3 (Groundball, 4M)
Top of the 2nd over - 0 run(s), 0 hit(s), 0 error(s), 0 left on base; Kingston Township 0 - Philadelphia 1776 0
BOTTOM OF THE 2ND
Philadelphia 1776 BC batting - Pitching for Kingston Township Legion : RHP Jon Briddon
Batting: LHB Cliff Aldridge 0-0: Called Strike
0-1: Ball
1-1: Ball
2-1: Foul Ball, location: 2F
2-2: Ball
3-2: Base on Balls
Batting: RHB António Granados 0-0: Ball
1-0: Foul Ball, location: 2F
1-1: SINGLE (Line Drive, 4D)
Cliff Aldridge to second
Runner from 2nd tries for 3rd, SAFE, no throw or cutoff
Batting: RHB Brian O'Brian 0-0: Foul Ball, location: 2F
0-1: Foul Ball, location: 2F
0-2: Ball
1-2: Ball
2-2: Ball
3-2: Base on Balls
António Granados to second
Batting: RHB Cris López 0-0: Called Strike
0-1: Ball
1-1: SINGLE (Flyball, 8LS)
Cliff Aldridge scores
António Granados to third
Brian O'Brian to second
Batting: RHB Joe Smith 0-0: Swinging Strike
Balk!
António Granados scores
Brian O'Brian to third
Cris López to second
0-1: Swinging Strike
0-2: Ball
Passed Ball!
Brian O'Brian scores
Cris López to third
1-2: Ball
2-2: Strikes out swinging
Batting: RHB Jesús Orozco 0-0: Foul Ball, location: 2F
0-1: Ball
1-1: Foul Ball, location: 2F
1-2: Ball
2-2: Fly out, F8 (Line Drive, 8RD)
Runner from 3rd tags up, SCORES, no throw
Batting: SHB Jesús Cabańe 0-0: Ball
1-0: Ball
2-0: Fly out, F8 (Flyball, 8RM)
Bottom of the 2nd over - 4 run(s), 2 hit(s), 0 error(s), 0 left on base; Kingston Township 0 - Philadelphia 1776 4
TOP OF THE 3RD
Kingston Township Legion batting - Pitching for Philadelphia 1776 BC : LHP Randy Hoffman
Batting: RHB Clarence Neal 0-0: Swinging Strike
0-1: Foul Ball, location: 2F
0-2: Strikes out swinging
Batting: LHB Marcos Zúńiga 0-0: Foul Ball, location: 2F
0-1: Foul Ball, location: 2F
0-2: Strikes out swinging
Batting: LHB Forrest McCooke 0-0: Bunt missed!
0-1: Called Strike
0-2: Strikes out swinging
Top of the 3rd over - 0 run(s), 0 hit(s), 0 error(s), 0 left on base; Kingston Township 0 - Philadelphia 1776 4
BOTTOM OF THE 3RD
Philadelphia 1776 BC batting - Pitching for Kingston Township Legion : RHP Jon Briddon
Batting: RHB Dave Morris 0-0: Foul Ball, location: 2F
0-1: Ground out 6-3 (Groundball, 6M)
Batting: LHB Chris Nelson 0-0: Ball
1-0: SINGLE (Line Drive, 6M)
Batting: LHB Cliff Aldridge 0-0: Ball
1-0: Foul Ball, location: 2F
1-1: Swinging Strike
1-2: Strikes out looking
Batting: RHB António Granados 0-0: Ball
1-0: Ball
2-0: 2-RUN HOME RUN (Flyball, 78XD) (Inside the Park)
Batting: RHB Brian O'Brian 0-0: Called Strike
0-1: Called Strike
0-2: Fly out, F3 (Popup, 34S)
Bottom of the 3rd over - 2 run(s), 2 hit(s), 0 error(s), 0 left on base; Kingston Township 0 - Philadelphia 1776 6
TOP OF THE 4TH
Kingston Township Legion batting - Pitching for Philadelphia 1776 BC : LHP Randy Hoffman
Batting: RHB Layton Templeman 0-0: SINGLE (Line Drive, 8LS)
Batting: RHB Pedro Mendoza 0-0: Ball
1-0: Called Strike
1-1: Ball
2-1: Called Strike
2-2: Strikes out swinging
Batting: RHB Akihiko Oike 0-0: Ball
1-0: Ball
2-0: Ball
3-0: Foul Ball, location: 2F
3-1: Swinging Strike
3-2: Fly out, F4 (Popup, 34)
Batting: RHB Pete Knight 0-0: Foul Ball, location: 2F
0-1: Ball
1-1: Ball
2-1: Called Strike
2-2: Foul Ball, location: 2F
2-2: Ball
3-2: Foul Ball, location: 2F
3-2: Base on Balls
Layton Templeman to second
Batting: RHB Jon Erickson 0-0: Ball
1-0: Foul Ball, location: 2F
1-1: Ball
2-1: Ball
3-1: Swinging Strike
3-2: Foul Ball, location: 2F
3-2: Base on Balls
Layton Templeman to third
Pete Knight to second
Batting: LHB Wilfrid Savary 0-0: Swinging Strike
0-1: Ball
1-1: Called Strike
1-2: Fly out, F6 (Popup, 56D)
Top of the 4th over - 0 run(s), 1 hit(s), 0 error(s), 3 left on base; Kingston Township 0 - Philadelphia 1776 6
BOTTOM OF THE 4TH
Philadelphia 1776 BC batting - Pitching for Kingston Township Legion : RHP Jon Briddon
Batting: RHB Cris López 0-0: Ball
1-0: Ball
2-0: Foul Ball, location: 2F
2-1: Ground out 6-3 (Groundball, 6)
Batting: RHB Joe Smith 0-0: Swinging Strike
0-1: Ball
1-1: Ball
2-1: Swinging Strike
2-2: Strikes out swinging
Batting: RHB Jesús Orozco 0-0: Ball
1-0: Foul Ball, location: 2F
1-1: Ball
2-1: Ground out 4-3 (Groundball, 4M)
Bottom of the 4th over - 0 run(s), 0 hit(s), 0 error(s), 0 left on base; Kingston Township 0 - Philadelphia 1776 6
TOP OF THE 5TH
Kingston Township Legion batting - Pitching for Philadelphia 1776 BC : LHP Randy Hoffman
Batting: RHB Clarence Neal 0-0: SINGLE (Groundball, 56)
Batting: LHB Marcos Zúńiga 0-0: Foul Ball, location: 2F
0-1: Foul Ball, location: 2F
0-2: Ball
1-2: Strikes out swinging
Batting: LHB Forrest McCooke 0-0: Ball
1-0: Called Strike
1-1: Swinging Strike
1-2: Ball
2-2: SINGLE (Flyball, 8LS)
Clarence Neal to second
Batting: RHB Layton Templeman 0-0: Called Strike
0-1: Grounds into double play, 6-4-3 (Groundball, 6)
Top of the 5th over - 0 run(s), 2 hit(s), 0 error(s), 1 left on base; Kingston Township 0 - Philadelphia 1776 6
BOTTOM OF THE 5TH
Philadelphia 1776 BC batting - Pitching for Kingston Township Legion : RHP Jon Briddon
Batting: SHB Jesús Cabańe 0-0: Ball
1-0: Swinging Strike
1-1: Foul Ball, location: 2F
1-2: Foul Ball, location: 2F
1-2: Fly out, F9 (Flyball, 9M)
Batting: RHB Dave Morris 0-0: Called Strike
0-1: Ball
1-1: Swinging Strike
1-2: SOLO HOME RUN (Flyball, 7D), Distance : 392 ft
Batting: LHB Chris Nelson 0-0: Called Strike
0-1: Ball
1-1: Ground out 6-3 (Groundball, 6)
Batting: LHB Cliff Aldridge 0-0: Ball
1-0: Ground out 4-3 (Groundball, 4)
Bottom of the 5th over - 1 run(s), 1 hit(s), 0 error(s), 0 left on base; Kingston Township 0 - Philadelphia 1776 7
TOP OF THE 6TH
Kingston Township Legion batting - Pitching for Philadelphia 1776 BC : LHP Randy Hoffman
Batting: RHB Pedro Mendoza 0-0: Called Strike
0-1: Called Strike
0-2: SOLO HOME RUN (Line Drive, 78XD), Distance : 422 ft
Batting: RHB Akihiko Oike 0-0: Ball
1-0: Foul Ball, location: 2F
1-1: Swinging Strike
1-2: Foul Ball, location: 2F
1-2: Ball
2-2: Ball
3-2: Ground out 4-3 (Groundball, 4)
Batting: RHB Pete Knight 0-0: Called Strike
0-1: Ball
1-1: Foul Ball, location: 2F
1-2: Ball
2-2: Strikes out looking
Batting: RHB Jon Erickson 0-0: Ball
1-0: Called Strike
1-1: Called Strike
1-2: Strikes out swinging
Top of the 6th over - 1 run(s), 1 hit(s), 0 error(s), 0 left on base; Kingston Township 1 - Philadelphia 1776 7
BOTTOM OF THE 6TH
Philadelphia 1776 BC batting - Pitching for Kingston Township Legion : RHP Jon Briddon
Batting: RHB António Granados 0-0: Called Strike
0-1: Ball
1-1: Swinging Strike
1-2: Foul Ball, location: 2F
1-2: Foul Ball, location: 2F
1-2: Ball
2-2: Ball
3-2: Base on Balls
Pitching: LHP Zach Williams Jr.
Batting: RHB Brian O'Brian 0-0: Ball
1-0: Ball
2-0: Ball
Wild Pitch!
António Granados to second
3-0: Called Strike
3-1: Foul Ball, location: 2F
3-2: Ground out 5-3 (Groundball, 5L)
Batting: RHB Cris López 0-0: Ball
1-0: Swinging Strike
1-1: SINGLE (Flyball, 6MD)
António Granados to third
Runner from 3rd tries for Home, SAFE, no throw or cutoff
Batting: RHB Joe Smith 0-0: Ball
1-0: Ball
2-0: Ball
3-0: Called Strike
3-1: Foul Ball, location: 2F
3-2: Fly out, F7 (Flyball, 7M)
3-2: Fly out, F7 (Flyball, 7M)
Batting: RHB Jesús Orozco 0-0: Ball
Cris López is caught stealing 2nd base
Bottom of the 6th over - 1 run(s), 1 hit(s), 0 error(s), 0 left on base; Kingston Township 1 - Philadelphia 1776 8
TOP OF THE 7TH
Kingston Township Legion batting - Pitching for Philadelphia 1776 BC : LHP Randy Hoffman
Batting: LHB Wilfrid Savary 0-0: Ball
1-0: Ball
2-0: Ball
3-0: Called Strike
3-1: Base on Balls
Pitching: LHP Jesús Cantú
Batting: RHB Clarence Neal 0-0: Called Strike
0-1: Ball
1-1: Swinging Strike
1-2: Ball
2-2: Ball
3-2: Foul Ball, location: 2F
3-2: Strikes out swinging
Batting: LHB Marcos Zúńiga 0-0: Ball
1-0: Called Strike
1-1: Ball
2-1: Ball
3-1: Base on Balls
Wilfrid Savary to second
Batting: LHB Forrest McCooke 0-0: Called Strike
0-1: Ball
1-1: Ball
2-1: Foul Ball, location: 2F
2-2: Ball
3-2: Foul Ball, location: 2F
3-2: Base on Balls
Wilfrid Savary to third
Marcos Zúńiga to second
Batting: RHB Layton Templeman 0-0: DOUBLE (Groundball, 3D)
Wilfrid Savary scores
Marcos Zúńiga scores
Forrest McCooke to third
Runner from 3rd tries for Home, SAFE, no throw or cutoff
Batting: RHB Pedro Mendoza 0-0: Ground out 6-3 (Groundball, 6)
Batting: RHB Akihiko Oike 0-0: Called Strike
0-1: Called Strike
0-2: Ground out 6-3 (Groundball, 6)
Top of the 7th over - 3 run(s), 1 hit(s), 0 error(s), 1 left on base; Kingston Township 4 - Philadelphia 1776 8
BOTTOM OF THE 7TH
Philadelphia 1776 BC batting - Pitching for Kingston Township Legion : LHP Zach Williams Jr.
Batting: RHB Jesús Orozco 0-0: Called Strike
0-1: Ball
1-1: Called Strike
1-2: Ground out 6-3 (Groundball, 6M)
Batting: SHB Jesús Cabańe 0-0: Ball
1-0: Called Strike
1-1: Foul Ball, location: 2F
1-2: Strikes out swinging
Batting: RHB Dave Morris 0-0: Ball
1-0: SINGLE (Line Drive, 9LS)
Batting: LHB Chris Nelson 0-0: Called Strike
0-1: Foul Ball, location: 2F
0-2: Fly out, F7 (Flyball, 7LM)
Bottom of the 7th over - 0 run(s), 1 hit(s), 0 error(s), 1 left on base; Kingston Township 4 - Philadelphia 1776 8
TOP OF THE 8TH
Kingston Township Legion batting - Pitching for Philadelphia 1776 BC : LHP Jesús Cantú
Batting: RHB Pete Knight 0-0: Ball
1-0: Swinging Strike
1-1: Ball
2-1: Foul Ball, location: 2F
2-2: Ball
3-2: Base on Balls
Batting: RHB Jon Erickson 0-0: Ball
1-0: Ball
2-0: Ground out 5-3 (Groundball, 56S)
Pete Knight to second
Batting: LHB Wilfrid Savary 0-0: Ball
1-0: Called Strike
1-1: SINGLE (Groundball, 34D)
Pete Knight to third
Pitching: RHP Lorenzo Tamargo
Batting: RHB Clarence Neal 0-0: Ball
1-0: Foul Ball, location: 2F
1-1: Called Strike
1-2: Strikes out swinging
Pitching: LHP Jason Dudley
Batting: LHB Marcos Zúńiga 0-0: Ball
1-0: Fly out, F8 (Flyball, 8LD)
Top of the 8th over - 0 run(s), 1 hit(s), 0 error(s), 2 left on base; Kingston Township 4 - Philadelphia 1776 8
BOTTOM OF THE 8TH
Philadelphia 1776 BC batting - Pitching for Kingston Township Legion : LHP Zach Williams Jr.
Batting: LHB Cliff Aldridge 0-0: Called Strike
0-1: Fly out, F3 (Popup, 3S)
Batting: RHB António Granados 0-0: Called Strike
0-1: Reached on Error, E7 (Flyball, 7LM)
Batting: RHB Brian O'Brian 0-0: Called Strike
0-1: Ball
1-1: Grounds into double play, 4-6-3 (Groundball, 4)
Bottom of the 8th over - 0 run(s), 0 hit(s), 1 error(s), 0 left on base; Kingston Township 4 - Philadelphia 1776 8
TOP OF THE 9TH
Kingston Township Legion batting - Pitching for Philadelphia 1776 BC : LHP Jason Dudley
Batting: LHB Forrest McCooke 0-0: Bunted foul
0-1: Ball
1-1: Called Strike
1-2: Ball
2-2: Strikes out looking
Batting: RHB Layton Templeman 0-0: Ball
1-0: Swinging Strike
1-1: Ball
2-1: Swinging Strike
2-2: Foul Ball, location: 2F
2-2: Ball
3-2: Foul Ball, location: 2F
3-2: SINGLE (Line Drive, 9LS)
Batting: RHB Pedro Mendoza 0-0: Ball
1-0: Ball
2-0: Fly out, F7 (Line Drive, 7D)
Batting: RHB Akihiko Oike 0-0: Ball
1-0: Ground out 5-3 (Groundball, 5S)
Top of the 9th over - 0 run(s), 1 hit(s), 0 error(s), 1 left on base; Kingston Township 4 - Philadelphia 1776 8
This league is powered by Out of the Park Baseball, the baseball management simulation game for PC, Mac and Linux
Friday, April 15th, 2016 - OOTP Baseball 16.9 Build 39